 Dungeon Crawl Stone Soup version 0.29.1-2-gbd0b4ee654 (webtiles) character file.

Game seed: 3261107966372559961

6 DemonSlayer the Firebug (level 1, -1/13 HPs)
             Began as a Demonspawn Fire Elementalist on Nov 4, 2022.
             Slain by a kobold
             ... wielding a +0 dagger
              (4 damage)
             ... on level 1 of the Dungeon.
             The game lasted 00:00:37 (33 turns).

DemonSlayer the Firebug (DsFE)                        Turns: 33, Time: 00:00:38

Health: -1/13      AC:  2    Str:  8    XL:     1   Next: 75%
Magic:  0/3        EV: 12    Int: 16    God:
Gold:   0          SH:  0    Dex: 13    Spells: 3/4 levels left

rFire   . . .      SeeInvis .   b - +0 hand axe
rCold   . . .      Faith    .   (no shield)
rNeg    . . .      Spirit   .   a - +0 robe
rPois   .          Reflect  .   (no helmet)
rElec   .          Harm     .   (no cloak)
rCorr   .          Rampage  .   (no gloves)
Will    .....                   (no boots)
Stlth   ++........              (no amulet)
HPRegen 0.04/turn               (no ring)
MPRegen 0.08/turn               (no ring)

@: no status effects
A: no striking features
a: no special abilities


You were on level 1 of the Dungeon.
You visited 1 branch of the dungeon, and saw 1 of its levels.

Inventory:

Hand Weapons
 b - a +0 hand axe (weapon)
Armour
 a - a +0 robe (worn)


   Skills:
 + Level 1.8 Dodging
 + Level 1.7 Stealth
 + Level 2.0 Spellcasting
 + Level 1.0 Conjurations
 + Level 3.0 Fire Magic


You had 3 spell levels left.
You knew the following spells:

 Your Spells              Type           Power      Damage    Failure   Level
a - Foxfire               Conj/Fire      32%        2x1d5     9%          1

Your spell library contained the following spells:

 Spells                   Type           Power      Damage    Failure   Level
 Scorch                   Fire           22%        2d6       9%          2
 Conjure Flame            Conj/Fire      8%         6-21      26%         3
 Inner Flame              Hex/Fire       6%         N/A       32%         3
 Flame Wave               Conj/Fire      8%         2d5       65%         4


Dungeon Overview and Level Annotations

Branches:
Dungeon (1/15)

Altars:


Message History

Your foxfire dissipates!
The foxfire hits the jackal.
You kill the jackal!
The jackal barely misses you.
You see here a +0 hand axe.
b - a +0 hand axe The jackal bites you.
The jackal completely misses you.
b - a +0 hand axe (weapon)
The jackal attacks as you move away! The jackal bites you.
The jackal misses you.
Setting a skill training target for Axes at 14.0.
The jackal attacks as you move away! The jackal closely misses you.
You conjure some foxfire!
The foxfire hits the jackal.
The jackal is moderately wounded.
The jackal barely misses you.
You closely miss the jackal.
The jackal is moderately wounded.
You hit the jackal but do no damage.
The foxfire hits the jackal but does no damage.
The jackal is moderately wounded.
The jackal bites you. The jackal closely misses you.
You are too injured to fight recklessly!
You closely miss the jackal. You hit the jackal. The jackal barely misses you.
The jackal closely misses you. The jackal completely misses you.
The jackal barely misses you.
You hit the jackal.
You kill the jackal!
You closely miss the jackal. The jackal misses you. The jackal bites you.
You hit the frilled lizard.
You kill the frilled lizard!
You hit the jackal.
You kill the jackal!
Your Fire Magic skill increases to level 3!
The kobold hits you with a +0 dagger.
* * * LOW HITPOINT WARNING * * *
You see here a frilled lizard corpse.
You hit the kobold.
The kobold is heavily wounded.
The kobold hits you with a +0 dagger.
You die...

K# .# ###.###..
####.!......
#.K@...##..
#.#####.##†.......
#.......##..###...
######............
###'###+####
##.###÷##
#..÷>...#
#÷..#÷.÷#
#.÷.#.÷.#


You could see a kobold.

Vanquished Creatures
  4 jackals (D:1)
  A frilled lizard (D:1)
5 creatures vanquished.

Vanquished Creatures (others)
  6 foxfires (D:1)
6 creatures vanquished.

Grand Total: 11 creatures vanquished

Notes
Turn   | Place    | Note
-------+----------+-------------------------------------------
     0 | D:1      | DemonSlayer the Demonspawn Fire Elementalist began the
                  | quest for the Orb.
     0 | D:1      | Reached XP level 1. HP: 13/13 MP: 3/3
    32 | D:1      | Reached skill level 3 in Fire Magic
    33 | D:1      | Slain by a kobold

Illustrated notes

Levels and vault maps discovered:
D:1:      heliophobic_arrival_battle_scene, layout_loops_cross,
          nicolae_concentric_dashed_squares_wild

Skill      XL: |  1 |
---------------+----+-----
Fire Magic     | 3 |  3.0
Dodging        | |  1.8
Stealth        | |  1.7
Spellcasting   | |  2.0
Conjurations   | |  1.0

Action                   || total
-------------------------++-------
Melee: Hand axe          ||     5
 Cast: Foxfire           ||     7
  Use: Potion            ||     1
Armor: Robe              ||     1
Dodge: Dodged            ||    18
